 Dungeon Crawl Stone Soup version 0.27.1-34-g3ba077fa99 (webtiles) character file.

Game seed: 1358322595878952883

250 Delamore the Covert (level 6, -2/39 HPs)
             Began as an Octopode Brigand on Feb 14, 2022.
             Slain by a centaur (4 damage)
             ... on level 4 of the Dungeon.
             The game lasted 00:02:34 (3274 turns).

Delamore the Covert (Octopode Brigand)              Turns: 3274, Time: 00:02:35

Health: -2/39      AC:  1    Str: 10    XL:     6   Next: 13%
Magic:  6/6        EV: 12    Int: 14    God:
Gold:   133        SH:  0    Dex: 15    Spells: 5/5 levels left

rFire    . . .     SeeInvis .   a - +2 dagger
rCold    . . .     Faith    .   (no shield)
rNeg     . . .     Spirit   .   (helmet restricted)
rPois    +         Reflect  .   (no amulet)
rElec    .         Harm     .   f - ring of poison resistance
rCorr    .         Rampage  .   (no ring)
Will     .....                  (no ring)
Stlth    +++++.....             (no ring)
HPRegen  0.13/turn              (no ring)
MPRegen  0.10/turn              (no ring)
                                (no ring)
                                (no ring)

@: brilliant
A: almost no armour, amphibious, 8 rings, camouflage 1, gelatinous body 1,
(nimble swimmer 1), tentacles
a: no special abilities


You were on level 4 of the Dungeon.
You visited 1 branch of the dungeon, and saw 4 of its levels.

You collected 133 gold pieces.

Inventory:

Hand Weapons
 a - a +2 dagger (weapon)
Missiles
 b - 20 poisoned darts (quivered)
 c - 2 curare-tipped darts
Jewellery
 f - a ring of poison resistance (left tentacle)
Scrolls
 g - a scroll of magic mapping
 h - 2 scrolls of amnesia
Potions
 d - 3 potions of lignification
 j - a potion of invisibility {unknown}
 k - 2 potions of attraction


   Skills:
 - Level 2.0 Fighting
 + Level 3.8 Short Blades
 - Level 2.0 Throwing
 - Level 1.0 Dodging
 * Level 8.9 Stealth


You had 5 spell levels left.
You didn't know any spells.
Your spell library contained the following spells:

 Spells                   Type           Power      Damage    Failure   Level
 Corona                   Hex            0%         N/A       28%         1
 Freeze                   Ice            0%         1d3       28%         1
 Ensorcelled Hibernation  Hex/Ice        0%         N/A       41%         2
 Frozen Ramparts          Ice            0%         1d2       65%         3
 Tukima's Dance           Hex            0%         N/A       65%         3
 Hailstorm                Conj/Ice       0%         3d3       96%         4


Dungeon Overview and Level Annotations

Branches:
Dungeon (4/15)             Temple (0/1) D:4

Altars:
Cheibriados
Makhleb


Innate Abilities, Weirdness & Mutations

You cannot wear most types of armour.
You are amphibious.
You can wear up to eight rings at the same time.
Your skin changes colour to match your surroundings (Stealth+).
Your rubbery body absorbs attacks. (AC +1, EV +1)
((You are camouflaged near water. (Stealth+)))
You have tentacles for arms and can constrict up to eight enemies at once.


Message History

You hit the hobgoblin. You grab the hobgoblin. You squeeze the hobgoblin.
You kill the hobgoblin!
The centaur shoots an arrow.
The arrow hits you!
The centaur shoots an arrow.
The arrow closely misses you.
The kobold throws a stone.
The stone barely misses you.
The centaur shoots an arrow.
The arrow hits you!
* * * LOW HITPOINT WARNING * * *
You are too injured to fight recklessly!
You are too injured to fight recklessly!
You are too injured to fight recklessly!
You are too injured to fight recklessly!
You are too injured to fight recklessly!
You are too injured to fight recklessly!
Okay, then.
Okay, then.
Okay, then.
It was a potion of brilliance.
You feel clever all of a sudden.
Okay, then.
The centaur unwields a +0 shortbow.
The centaur closely misses you. The centaur kicks you.
* * * LOW HITPOINT WARNING * * *
You hit the centaur.
The centaur is moderately wounded.
The centaur hits you.
* * * LOW HITPOINT WARNING * * *
The centaur kicks you.
* * * LOW HITPOINT WARNING * * *
The centaur closely misses you. The centaur kicks you.
* * * LOW HITPOINT WARNING * * *
You hit the centaur but do no damage. You squeeze the centaur!
The centaur is severely wounded.
The centaur closely misses you. The centaur kicks you.
* * * LOW HITPOINT WARNING * * *
The kobold hits you with a +0 dagger.
* * * LOW HITPOINT WARNING * * *
You hit the centaur.
The centaur is severely wounded.
The centaur hits you.
You die...

#########
#.......##
##@.†....#
#####cK....######
..c.........##....
...#.#............
..#.#.#...........
.#.#.#.#..<.......
..#.>.#.....##....
.#.#.#.#..).# . .
..#.#.#.....#


You could see a centaur and a kobold.

Vanquished Creatures
  An ogre (D:3)
  A hound (D:3)
  A bullfrog skeleton (D:3)
  An adder (D:3)
  2 worms (D:2)
  3 orcs (D:3)
  6 ball pythons
  A bat (D:1)
  8 endoplasms
  3 giant cockroaches
  14 goblins
  8 hobgoblins
  8 jackals
  A quokka (D:3)
  8 frilled lizards
  8 kobolds
  7 rats
81 creatures vanquished.

Notes
Turn   | Place    | Note
-------+----------+-------------------------------------------
     0 | D:1      | Delamore the Octopode Brigand began the quest for the Orb.
     0 | D:1      | Reached XP level 1. HP: 14/14 MP: 1/1
     2 | D:1      | Noticed a troll
     2 | D:1      | Noticed a vampire
     4 | D:1      | Noticed a dwarf
     4 | D:1      | Noticed a palentonga
     6 | D:1      | Noticed a draconian
     6 | D:1      | Noticed an ogre
     8 | D:1      | Noticed a human
     8 | D:1      | Noticed a merfolk
    10 | D:1      | Noticed a demigod
    10 | D:1      | Noticed a naga
    12 | D:1      | Noticed an octopode
    12 | D:1      | Noticed a felid
    14 | D:1      | Noticed a minotaur
    16 | D:1      | Noticed a ghoul
    16 | D:1      | Noticed a djinni
    18 | D:1      | Noticed a demonspawn
    20 | D:1      | Noticed a gargoyle
    22 | D:1      | Noticed a tengu
    22 | D:1      | Noticed a vine stalker
    24 | D:1      | Noticed an elf
    24 | D:1      | Noticed a spriggan
    26 | D:1      | Noticed a barachi
    26 | D:1      | Noticed a formicid
    71 | D:1      | Reached XP level 2. HP: 10/19 MP: 2/2
   267 | D:1      | Reached skill level 6 in Stealth
   623 | D:1      | Reached XP level 3. HP: 23/24 MP: 3/3
  1071 | D:2      | Found a snail-covered altar of Cheibriados.
  1403 | D:2      | Reached XP level 4. HP: 29/29 MP: 4/4
  1445 | D:2      | Reached skill level 7 in Stealth
  1913 | D:3      | Found a burning altar of Makhleb.
  2492 | D:3      | Reached XP level 5. HP: 17/34 MP: 5/5
  2744 | D:3      | Noticed an ogre
  2755 | D:3      | Reached skill level 8 in Stealth
  2790 | D:3      | Killed an ogre
  2791 | D:3      | Reached XP level 6. HP: 24/39 MP: 6/6
  3085 | D:3      | Found a faded altar of an unknown god.
  3257 | D:4      | Found a staircase to the Ecumenical Temple.
  3274 | D:4      | Slain by a centaur

Illustrated notes

Levels and vault maps discovered:
D:1:      kb_arrival_jail, layout_basic
D:2:      layout_rooms, basic_altar, serial_co_window_serial,
          co_window_of_opportunity_a, co_window_paths_b,
          co_window_of_opportunity_a, co_window_corner_a, co_window_paths_a,
          co_window_paths_a, co_window_paths_b, co_window_corner_b,
          co_window_broadway_a, co_window_corner_ca, co_window_paths_c,
          co_window_unsneaky_path_a, co_window_corner_b,
          co_window_of_opportunity_b, glass_columns_a, glass_columns_a,
          glass_columns_a, corexii_corridor_pit
D:3:      layout_loops_corners, lightli_temple_of_fire,
          ebering_ecumenical_altar_ruins, minmay_ogre_servants
D:4:      layout_gridville, fedhas_altar_decomposition,
          lemuel_coloured_pillars_altar, minmay_temple_entry_grid,
          gammafunk_ghost_arena, serial_shops, shop_fountains

Skill      XL: |  1  2  3  4  5 |
---------------+----------------+-----
Stealth        | 6 7 8 |  8.9
Short Blades   | 3 |  3.8
Fighting       | |  2.0
Throwing       | |  2.0
Dodging        | |  1.0

Action                   |  1- 3 |  4- 6 || total
-------------------------+-------+-------++-------
Melee: Dagger            |    66 |    70 ||   136
       Constrict         |    14 |    20 ||    34
       Tentacles         |    11 |    11 ||    22
Throw: Dart              |     4 |     6 ||    10
  Use: Scroll            |     2 |     4 ||     6
       Potion            |       |     1 ||     1
 Stab: Sleeping          |    17 |     6 ||    23
       Distracted        |     1 |       ||     1
Armor: Skin              |     4 |     5 ||     9
Dodge: Dodged            |    34 |    34 ||    68
